 Dungeon Crawl Stone Soup version 0.28-a0-845-gfc338a8e3c (webtiles) character file.

Game seed: 10604884325478417052

619190 Geomchi the Slayer (level 27, -7/244 HPs)
             Began as an Octopode Ice Elementalist on Nov 13, 2021.
             Was the Champion of Vehumet.
             Mangled by a tentacled monstrosity (10 damage)
             ... on level 4 of the Realm of Zot.
             The game lasted 03:54:32 (82902 turns).

Geomchi the Slayer (Octopode Ice Elementalist)     Turns: 82902, Time: 03:54:32

Health: -7/244     AC: 32    Str: 11    XL:     27
Magic:  39/50      EV: 18    Int: 31    God:    Vehumet [******]
Gold:   2284       SH:  7    Dex: 15    Spells: 2/53 levels left

rFire   + + +      SeeInvis +   H - staff of conjuration
rCold   . . .      Faith    .   y - +2 buckler {reflect}
rNeg    + + +      Spirit   .   N - +2 hat {Will+}
rPois   ∞          Reflect  +   J - amulet of the Four Winds {rN+ Will+++ Clar}
rElec   +          Harm     .   T - +6 ring of intelligence
rCorr   .          Rampage  .   p - ring of protection from cold
Will    +++++      Clarity  +   S - ring "Beejep" {rN++ Dex+6 SInv}
Stlth   +++....... Rnd*Tele +   a - ring of Juirgh {rF+ MP+9 Dex+3}
HPRegen 0.50/turn               Q - ring of Okhygrus {Fire rElec Slay+3 SInv}
MPRegen 0.32/turn               k - ring of Lualuk {Wiz rPois rC+ Dex-2}
                                u - ring of fire
                                j - ring of magical power

@: statue-form, slowed, studying Short Blades, unable to read, very slow
A: slow and powerful, torment resistance 1, boosted hp, almost no armour,
amphibious, 8 rings, camouflage 1, (gelatinous body 1), (nimble swimmer 1),
tentacles, tentacle spike 1, clumsy 2, dopey 1, frail 1, low mp 2, screaming 1,
teleportitis 2, wild magic 1, no potion heal 2, inability to read while
threatened
0: Orb of Zot
}: 4/15 runes: serpentine, barnacled, silver, demonic
a: End Transformation, Renounce Religion


You were on level 4 of the Realm of Zot.
You worshipped Vehumet.
Vehumet was exalted by your worship.
You were a living statue of rough stone.
You visited 10 branches of the dungeon, and saw 47 of its levels.
You visited Pandemonium 2 times, and saw 14 of its levels.
You visited the Abyss 1 time.

You collected 6991 gold pieces.
You spent 4707 gold pieces at shops.

Inventory:

Armour
 y - a +2 buckler of reflection (worn)
 N - a +2 hat of willpower (worn)
Magical Staves
 H - a staff of conjuration (weapon)
Jewellery
 a - the ring of Juirgh (on tentacle) {rF+ MP+9 Dex+3}
   (You bought it in a shop on level 3 of the Vaults)

   [ring of magical power]

   Dex:       It affects your dexterity (+3).
   rF:        It protects you from fire.
   MP:        It affects your magic capacity (+9).
 f - a +4 ring of evasion
 j - a ring of magical power (on tentacle)
 k - the ring of Lualuk (on tentacle) {Wiz rPois rC+ Dex-2}
   (You bought it in a shop on level 5 of the Vaults)

   [ring of wizardry]

   It improves your spell success rate.
   Dex:       It affects your dexterity (-2).
   rC:        It protects you from cold.
   rPois:     It protects you from poison.
 l - a +4 ring of protection
 p - a ring of protection from cold (right tentacle)
 q - the ring of the Mage {Wiz Will++ Int+3}
   (You bought it in a shop on level 3 of the Vaults)

   [ring of wizardry]

   It improves your spell success rate.
   Int:       It affects your intelligence (+3).
   Will:      It greatly increases your willpower.
 r - a ring of resist corrosion
 u - a ring of fire (on tentacle)
 B - the ring "Epsuip" {rElec rPois rF+ Int+3}
   (You took it off an ironbound preserver on level 5 of the Vaults)

   [ring of poison resistance]

   Int:       It affects your intelligence (+3).
   rF:        It protects you from fire.
   rElec:     It insulates you from electricity.
   rPois:     It protects you from poison.
 E - a ring of flight
 J - the amulet of the Four Winds (around mantle) {rN+ Will+++ Clar}
   (You bought it in a shop on level 2 of the Snake Pit)

   [amulet of nothing]

   rN:        It protects you from negative energy.
   Clar:      It protects you against confusion.
   Will:      It greatly increases your willpower.
 Q - the ring of Okhygrus (on tentacle) {Fire rElec Slay+3 SInv}
   (You found it on level 6 of the Lair of Beasts)

   [ring of fire]

   It enhances your fire magic.
   Slay:      It affects your accuracy & damage with ranged weapons and melee
   (+3).
   rF:        It protects you from fire.
   rC:        It makes you vulnerable to cold.
   rElec:     It insulates you from electricity.
   SInv:      It lets you see invisible.
 S - the ring "Beejep" (on tentacle) {rN++ Dex+6 SInv}
   (You found it on level 4 of the Shoals)

   [ring of dexterity]

   Dex:       It affects your dexterity (+6).
   rN:        It greatly protects you from negative energy.
   SInv:      It lets you see invisible.
 T - a +6 ring of intelligence (left tentacle)
 V - the ring "Hauta" {rF++ rC+ Str+2 Dex-4}
   (You found it in Pandemonium)

   [ring of protection from cold]

   Str:       It affects your strength (+2).
   Dex:       It affects your dexterity (-4).
   rF:        It greatly protects you from fire.
   rC:        It protects you from cold.
 W - a ring of protection from cold
Wands
 c - a wand of digging (7)
 w - a wand of iceblast (69)
 F - a wand of polymorph (53)
 R - a wand of mindburst (80)
 U - a wand of paralysis (12)
 Z - a wand of acid (37)
Scrolls
 e - 10 scrolls of teleportation
 i - 4 scrolls of summoning
 m - 2 scrolls of magic mapping
 n - 5 scrolls of fog
 t - 6 scrolls of enchant weapon
 z - 2 scrolls of fear
 D - 2 scrolls of amnesia
 O - 28 scrolls of identify
 P - 5 scrolls of enchant armour
Potions
 d - 15 potions of curing
 h - 5 potions of attraction
 o - 3 potions of invisibility
 s - 8 potions of haste
 v - 2 potions of magic
 x - 9 potions of heal wounds
 C - 5 potions of might
 K - 3 potions of brilliance
 L - 3 potions of cancellation
 Y - 5 potions of flight


   Skills:
 + Level 22.8 Fighting
 - Level 8.5 Staves
 - Level 12.6 Dodging
 - Level 16.5 Stealth
 - Level 4.0 Shields
 - Level 5.7 Unarmed Combat
 - Level 13.5 Spellcasting
 - Level 21.4 Conjurations
 - Level 21.3 Fire Magic
 - Level 10.0 Ice Magic
 * Level 20.7 Earth Magic


You had 2 spell levels left.
You knew the following spells:

 Your Spells              Type           Power      Damage    Failure   Level
a - Statue Form           Tmut/Erth      56%        N/A       3%          6
c - Shatter               Erth           57%        3d43*     7%          9
d - Lehudib's Crystal Sp  Conj/Erth      69%        10d16     1%          8
e - Starburst             Conj/Fire      96%        6d24      1%          6
f - Fireball              Conj/Fire      96%        3d35      1%          5
g - Ignition              Fire           82%        3d21      1%          8
h - Fire Storm            Conj/Fire      96%        8d24      5%          9

Your spell library contained the following spells:

 Spells                   Type           Power      Damage    Failure   Level
 Chain Lightning          Conj/Air       53%        3d71      91%         9
 Maxwell's Capacitive Co  Air            13%        ∞         100%        8
 Animate Skeleton         Necr           54%        N/A       1%          1
 Apportation              Tloc           54%        N/A       1%          1
 Foxfire                  Conj/Fire      100%       2x1d9     1%          1
 Freeze                   Ice            100%       1d11      1%          1
 Magic Dart               Conj           100%       1d8       1%          1
 Pain                     Necr           100%       1d9       1%          1
 Sandblast                Erth           100%       2d20      1%          1
 Shock                    Conj/Air       100%       1d9       1%          1
 Slow                     Hex            100%       N/A       1%          1
 Sting                    Tmut/Pois      100%       1d8       1%          1
 Summon Small Mammal      Summ           100%       N/A       1%          1
 Ensorcelled Hibernation  Hex/Ice        100%       N/A       1%          2
 Passwall                 Tmut/Erth      70%        N/A       1%          2
 Searing Ray              Conj           100%       2d8       1%          2
 Static Discharge         Conj/Air       100%       N/A       1%          2
 Dazzling Flash           Conj/Hex       100%       N/A       1%          3
 Frozen Ramparts          Ice            100%       1d12      1%          3
 Ignite Poison            Fire/Tmut/Pois 100%       N/A       1%          3
 Ozocubu's Armour         Ice            82%        N/A       1%          3
 Stone Arrow              Conj/Erth      100%       3d13      1%          3
 Fulminant Prism          Conj/Hex       53%        3d23      1%          4
 Hailstorm                Conj/Ice       100%       3d20      1%          4
 Iskenderun's Mystic Bla  Conj/Tloc      100%       2d19      1%          4
 Leda's Liquefaction      Hex/Erth       42%        N/A       1%          4
 Sticky Flame             Conj/Fire      100%       2d11      1%          4
 Borgnjor's Vile Clutch   Necr/Erth      42%        N/A       1%          5
 Irradiate                Conj/Tmut      53%        3d31      1%          5
 Lee's Rapid Deconstruct  Erth           57%        3d27*     1%          5
 Conjure Ball Lightning   Conj/Air       53%        3x3d18    1%          6
 Iron Shot                Conj/Erth      69%        9d13      1%          6
 Orb of Destruction       Conj           70%        9d18      1%          7
 Ice Form                 Ice/Tmut       61%        N/A       2%          4
 Summon Ice Beast         Ice/Summ       61%        N/A       2%          4
 Olgreb's Toxic Radiance  Pois           27%        N/A       3%          4
 Call Canine Familiar     Summ           27%        N/A       4%          3
 Confusing Touch          Hex            27%        N/A       4%          3
 Gell's Gravitas          Tloc           27%        N/A       4%          3
 Lesser Beckoning         Tloc           27%        N/A       4%          3
 Portal Projectile        Hex/Tloc       54%        N/A       4%          3
 Spider Form              Tmut/Pois      27%        N/A       4%          3
 Summon Guardian Golem    Hex/Summ       27%        N/A       4%          3
 Teleport Other           Tloc           27%        N/A       4%          3
 Tukima's Dance           Hex            27%        N/A       4%          3
 Vampiric Draining        Necr           27%        2d7       4%          3
 Metabolic Englaciation   Hex/Ice        30%        N/A       5%          5
 Ozocubu's Refrigeration  Ice            41%        4d13      5%          7
 Yara's Violent Unravell  Hex/Tmut       13%        3d7       10%         5
 Animate Dead             Necr           13%        N/A       12%         4
 Cause Fear               Hex            13%        N/A       12%         4
 Passage of Golubria      Tloc           27%        N/A       12%         4
 Summon Lightning Spire   Summ/Air       27%        N/A       12%         4
 Simulacrum               Ice/Necr       30%        N/A       22%         6
 Agony                    Necr           27%        N/A       32%         5
 Alistair's Intoxication  Tmut/Pois      18%        N/A       32%         5
 Blade Hands              Tmut           13%        N/A       32%         5
 Excruciating Wounds      Necr           13%        N/A       32%         5
 Silence                  Hex/Air        13%        N/A       32%         5
 Eringya's Noxious Bog    Tmut/Pois      13%        N/A       36%         6
 Death Channel            Necr           13%        N/A       82%         6
 Dispersal                Tloc           13%        N/A       82%         6
 Dragon Form              Tmut           13%        N/A       100%        7
 Storm Form               Tmut/Air       13%        N/A       100%        7
 Discord                  Hex            13%        N/A       100%        8
 Disjunction              Tloc           13%        N/A       100%        8
 Dragon's Call            Summ           13%        N/A       100%        9
 Animate Armour           Summ/Erth      Unusable   N/A       N/A         4

Dungeon Overview and Level Annotations

Branches:
Dungeon (15/15)            Temple (1/1) D:6            Lair (6/6) D:10
 Shoals (4/4) Lair:4        Snake (4/4) Lair:4        Slime (1/5) Lair:6
    Orc (2/2) D:12         Vaults (5/5) D:14          Crypt (0/3) Vaults:3
 Depths (4/4) D:15            Zot (5/5) Depths:4
    Elf: Orc:2

Altars:
Ashenzari
Cheibriados
Dithmenos
Elyvilon
Fedhas
Gozag
Hepliaklqana
Kikubaaqudgha
Makhleb
Nemelex Xobeh
Okawaru
Qazlal
Ru
Sif Muna
Trog
Uskayaw
Vehumet
Wu Jian
Xom
Yredelemnul
Zin
The Shining One
Jiyva

Shops:
D:5 **   D:6 [   D:9 ([*   Orc:2 :*[(   Shoals:2 **   Snake:1 =?*(
Snake:2 [==   Snake:4 [   Vaults:2 [   Vaults:3 =   Vaults:5 =

Portals:
Hell: Depths:1 Depths:2 Depths:3 Depths:4
Abyss: Depths:1 Depths:3
Pandemonium: Depths:2 Depths:3 Depths:4
Ziggurat: Depths:4
Trove: Vaults:2 (give 16 potions of curing)

Annotations:
D:3 1 runed translucent door, Crazy Yiuf, Sigmund
D:4 1 runed translucent door, jfbvrk's ghost, amateur SpEn
D:5 exclusions: howler monkey, 2 ogres and two-headed ogre
D:6 exclusion: jelly
Lair:4 exclusion: oklob plant
Shoals:2 3 runed translucent doors, exclusion: obsidian statue, Dienesei's ghost, adept MiBe
Snake:1 Roxanne
Depths:4 exclusions: eye of devastation and floating eye


Innate Abilities, Weirdness & Mutations

You are a living statue of rough stone.
Your actions are slow, but your melee attacks are powerful.
You are resistant to unholy torment.
Your maximum health is greatly increased.
You are immune to poison.
You cannot wear most types of armour.
You are amphibious.
You can wear up to eight rings at the same time.
Your skin changes colour to match your surroundings (Stealth+).
((Your rubbery body absorbs attacks. (AC +1, EV +1)))
((You are camouflaged near water. (Stealth+)))
You have tentacles for arms and can constrict up to eight enemies at once.
One of your tentacles bears a spike.
You are very clumsy. (Dex -4)
You are dopey. (Int -2)
You are frail. (-10% HP)
Your magical capacity is very low. (-20% MP)
You occasionally shout uncontrollably at your foes.
You are sometimes teleported next to monsters.
Your spells are a little harder to cast, but a little more powerful.
Potions cannot restore your health.
You sometimes lose the ability to read scrolls when taking damage.


Message History

The death cob drains your vigour!
You feel yourself slow down. The death cob hits you!
* * * LOW HITPOINT WARNING * * *
The death cob drains your vigour!
You feel as though you will be slow longer.
The quicksilver dragon breathes dispelling energy at you.
The bolt of dispelling energy misses you.
You hear a roar! x3
You take 47 damage, and have 26/188 hp.
MASSIVE DAMAGE!!
You release your grip on the death cob.
A black draconian and 2 yellow draconians come into view.
The yellow draconian roars!
The death cob barely misses you. The death cob hits you.
* * * LOW HITPOINT WARNING * * *
The death cob misses you.
The quicksilver dragon completely misses you.
The quicksilver dragon misses you.
A green draconian monk comes into view.
The death cob hits you.
* * * LOW HITPOINT WARNING * * *
The death cob drains your vigour!
You feel as though you will be slow longer.
A white draconian comes into view. It is wielding a +0 scimitar.
The quicksilver dragon completely misses you.
The quicksilver dragon closely misses you.
You take 9 damage, and have 17/188 hp.
You turn into a living statue of rough stone.
The death cob hits you but does no damage.
The death cob hits you.
* * * LOW HITPOINT WARNING * * *
The death cob drains your vigour!
You feel as though you will be slow longer.
The death cob hits you but does no damage.
The quicksilver dragon bites you!
* * * LOW HITPOINT WARNING * * *
The quicksilver dragon claws you but does no damage.
A white draconian comes into view. It is wielding a +0 glaive.
The tentacled monstrosity tentacle-slaps you but does no damage.
The tentacled monstrosity tentacle-slaps you!
You die...

**,,,* *,,,* *,,,*,,,,,,,,*
**,,,* *,,,* **,,,*,,,,,,,,*
**,,,********,,,***,,,,*,,,,,,,,*
,,,,,,,,,,,,,,,,,,,,,,,,..,,,,,,,
,,,,,,*,,,*********,,,.#....#*,,,
,,,,,v,,,,* #####,,.......#*,,,
***,,...#######...####......#**,*
,,,,,^....d.................# *,,
,,,,,vvv.dqddq[.8DD....)....#**,^
,,,,,.......X..)zX..........,,,,,
,,,,,.......d....)......#.#******
,,,,,......dd.............#
*,,,*#...#############....##
*,,,*#...* #.....# *****...,*
##>...# * *..,** #....# * *,,,*
#...##


You could see 2 tentacled monstrosities, 2 draconians, a black draconian, 2
draconians, a purple draconian, a red draconian, 2 draconians, a death cob and 2
quicksilver dragons.

Vanquished Creatures
  6 dread liches
  6 ancient liches
  Mara (Vaults:2)
  2 orbs of fire
  Mennas (Depths:3)
  2 juggernauts
  Sojobo (Depths:3)
  Vashnia (Snake:3)
  5 Killer Klowns
  9 golden dragons
  8 caustic shrikes
  3 bone dragons
  6 pandemonium lords (Pan)
  An electric golem (Zot:5)
  5 Hell Sentinels (Pan)
  A Brimstone Fiend (Pan)
  13 tentacled monstrosities
  Mlioglotl (Shoals:1)
  A lich (Vaults:5)
  24 Orb Guardians (Zot:5)
  2 walking crystal tomes
  4 quicksilver dragons
  4 titans
  A walking divine tome (Depths:3)
  A kraken (Shoals:2)
  9 sphinxes
  12 Executioners (Pan)
  2 death cobs
  A tentacled starspawn (Abyss:2)
  Polyphemus (Shoals:2)
  Agnes (Snake:3)
  Gastronok (Lair:1)
  5 fire giants
  10 tengu reavers
  2 draconian monks
  Ilsuiw (Shoals:2)
  8 storm dragons
  A revenant (Vaults:3)
  8 shadow dragons
  Kirke (Snake:1)
  Donald (Shoals:2)
  3 azure jellies (Slime:1)
  4 orc warlords
  7 nagarajas
  7 demonspawn warmongers (Pan)
  2 draconian knights (Zot:1)
  A deep elf sorcerer (Vaults:3)
  4 balrugs
  4 frost giants
  A ghost moth (Zot:4)
  2 draconian shifters (Zot:1)
  Aizul (Snake:2)
  10 vault wardens
  15 cacodemons (Pan)
  A draconian scorcher (Depths:4)
  4 draconian annihilators
  17 very ugly things
  5 demonspawn corrupters (Pan)
  3 draconian stormcallers
  A spriggan defender (Depths:2)
  A quicksilver ooze (Slime:1)
  7 reapers (Pan)
  9 demonspawn blood saints (Pan)
  13 ironbound preservers
  6 war gargoyles
  A deep elf demonologist (Vaults:5)
  3 vampire knights
  13 stone giants
  7 red draconians
  6 black draconians
  7 green draconians
  A deep elf annihilator (Vaults:5)
  9 lorocyprocas (Pan)
  6 demonspawn black suns (Pan)
  2 purple draconians
  4 dire elephants (Vaults:2)
  4 white draconians
  3 yellow draconians (Zot:1)
  9 spark wasps
  14 blizzard demons (Pan)
  2 deep elf death magi
  8 merfolk javelineers
  11 green deaths
  7 ettins
  3 fire dragons
  3 deep elf high priests
  7 great orbs of eyes
  15 yaktaur captains
  3 hell beasts
  8 hydras
  Harold (D:11)
  15 merfolk impalers
  Josephine (Orc:1)
  2 salamander tyrants (Snake:4)
  5 ironbound thunderhulks
  2 rakshasas
  32 vault guards
  A peacekeeper (Vaults:4)
  7 ironbound frosthearts
  2 merfolk avatars (Shoals:4)
  18 naga warriors
  6 ice dragons
  7 boulder beetles
  A spriggan air mage (Depths:2)
  9 centaur warriors
  2 satyrs (Shoals:2)
  4 catoblepae
  12 two-headed ogres
  2 merfolk aquamancers (Shoals:4)
  2 ogre magi
  14 death yaks
  8 anacondas
  A tengu warrior (Depths:1)
  2 dancing weapons
  A deep troll shaman (Depths:3)
  A hell hog (Depths:3)
  3 vampire magi
  9 shock serpents
  3 orc high priests (Orc:2)
  4 spriggan berserkers
  40 sun demons
  21 naga sharpshooters
  A deep elf knight (Vaults:5)
  3 hell knights
  26 soul eaters
  Nergalle (Orc:1)
  9 salamander mystics
  28 sixfirhies
  2 skeletal warriors (D:13)
  3 iron trolls (Depths:3)
  8 shadow demons (Pan)
  28 deep trolls
  A deep troll (shapeshifter) (Vaults:5)
  4 flayed ghosts
  2 deep elf archers (Vaults:5)
  9 sea snakes
  A kraken simulacrum (Shoals:4)
  An obsidian statue (Vaults:4)
  4 glowing orange brains
  11 naga ritualists
  10 lindwurms
  6 phantasmal warriors
  27 harpies
  A deep elf zephyrmancer (Vaults:5)
  15 ironbound convokers
  5 necromancers
  2 lindwurms (shapeshifter)
  A mana viper (shapeshifter) (Vaults:2)
  12 wizards
  36 large abominations
  A shining eye (Slime:1)
  23 manticores
  2 wolf spiders
  11 orc knights
  3 deep elf pyromancers
  6 mana vipers
  22 fauns
  A faun (shapeshifter) (Vaults:5)
  9 cyclopes
  6 orc sorcerers
  46 ugly things
  2 human zombies (Vaults:4)
  17 moths of wrath
  18 salamanders
  Maurice (D:12)
  3 torpor snails (Lair:6)
  17 vault sentinels
  5 rust devils (Pan)
  18 elephants
  An elephant (shapeshifter) (D:13)
  25 naga magi
  49 black mambas
  8 merfolk sirens
  7 water nymphs
  36 smoke demons
  2 guardian serpents
  A storm dragon simulacrum (Vaults:4)
  3 hellions (Pan)
  16 cane toads
  14 orange demons
  14 rime drakes
  2 freezing wraiths (Vaults:5)
  25 yaktaurs
  A tengu conjurer (Depths:1)
  18 tormentors (Pan)
  9 demonic crawlers (Pan)
  5 kobold demonologists
  14 hellwings
  3 ice devils
  3 red devils
  12 komodo dragons
  A queen bee (D:12)
  7 polar bears
  3 meliai (D:12)
  A jumping spider (shapeshifter) (D:13)
  2 merfolk (shapeshifter)
  17 merfolk
  10 trolls
  4 hornets (Lair:6)
  12 blink frogs
  44 slime creatures
  9 wind drakes
  14 dream sheep
  8 snapping turtles
  A centaur simulacrum (D:15)
  A shadow (D:12)
  51 ynoxinuls (Pan)
  11 wyverns
  5 wraiths
  A vampire (D:13)
  6 water elementals
  11 spriggans (Lair:6)
  57 yaks
  13 basilisks
  25 humans
  5 hogs (Snake:1)
  6 golden eyes
  32 neqoxecs (Pan)
  11 vampire mosquitoes
  37 chaos spawn
  A swamp worm (shapeshifter) (Vaults:5)
  4 wargs
  3 acid dragons
  52 nagas
  17 water moccasins
  2 floating eyes (shapeshifter) (Vaults:5)
  43 orc warriors
  A black bear (shapeshifter) (D:13)
  2 ice beasts (D:7)
  A necrophage (D:8)
  A sky beast (D:8)
  8 black bears
  8 ogres
  A phantom (D:4)
  5 boggarts (Lair:6)
  25 wolves
  6 centaurs
  21 kobold brigands
  9 bullfrogs
  2 scorpions
  4 gnoll sergeants
  18 killer bees
  2 howler monkeys (D:13)
  10 wights
  2 electric eels (Snake:1)
  4 centaur zombies
  A bullfrog zombie (D:6)
  4 jellies
  2 hounds
  A human simulacrum (Vaults:2)
  3 gnoll shamans
  33 orc priests
  2 centaur skeletons (D:7)
  7 iguanas
  8 hell rats (D:14)
  26 orc wizards
  A howler monkey skeleton (D:7)
  A howler monkey zombie (D:9)
  26 gnolls
  7 adders
  A shadow imp (D:5)
  2 white imps (D:6)
  An ufetubus (Pan)
  4 dart slugs
  81 orcs
  7 ball pythons
  5 bats
  4 endoplasms
  3 giant cockroaches
  7 goblins
  7 hobgoblins
  6 jackals
  23 kobolds
  2 quokkas
  4 frilled lizards
  8 rats
  2 fire vortices
  4 tentacles (Shoals:2)
2381 creatures vanquished.

Vanquished Creatures (collateral kills)
  A titan (Depths:2)
  A frost giant (Depths:2)
  A vault warden (Vaults:3)
  A balrug (Pan)
  2 cacodemons (Pan)
  A stone giant (Vaults:5)
  A lorocyproca (Pan)
  A fire dragon (Depths:4)
  A sun demon (Pan)
  A dream sheep (shapeshifter) (Vaults:5)
  A floating eye (shapeshifter) (Depths:4)
  A phantom (D:7)
  A centaur skeleton (D:7)
  A kobold (D:7)
15 creatures vanquished.

Vanquished Creatures (others)
  A golden dragon (Vaults:5)
  A demonspawn blood saint (Pan)
  A red draconian (Zot:1)
  A shadow wraith (Vaults:5)
  4 smoke demons (Pan)
  2 humans (Zot:1)
  A bush (Lair:3)
  256 fire vortices
  235 foxfires
  81 fungi
  145 plants
  2 starspawn tentacles (Abyss:2)
  4 tentacles (Shoals:2)
734 creatures vanquished.

Grand Total: 3130 creatures vanquished

Notes
Turn   | Place    | Note
-------+----------+-------------------------------------------
     0 | D:1      | Geomchi the Octopode Ice Elementalist began the quest for
                  | the Orb.
     0 | D:1      | Reached XP level 1. HP: 11/11 MP: 3/3
   500 | D:1      | Reached XP level 2. HP: 18/18 MP: 3/5
   706 | D:1      | Reached skill level 1 in Fighting
   951 | D:1      | Found a faded altar of an unknown god.
  1253 | D:2      | Reached XP level 3. HP: 23/23 MP: 6/6
  1263 | D:2      | Learned a level 3 spell: Frozen Ramparts
  2226 | D:3      | Reached skill level 2 in Fighting
  2226 | D:3      | Reached XP level 4. HP: 18/29 MP: 7/7
  2231 | D:3      | Learned a level 4 spell: Hailstorm
  2278 | D:3      | Reached skill level 1 in Conjurations
  2281 | D:3      | Reached XP level 5. HP: 30/35 MP: 7/8
  2591 | D:3      | Noticed Sigmund
  2625 | D:3      | Found a hazy altar of Hepliaklqana.
  2804 | D:3      | Found a runed translucent door.
  2805 | D:3      | Noticed Crazy Yiuf
  3139 | D:4      | Reached skill level 5 in Ice Magic
  3268 | D:5      | Entered Level 5 of the Dungeon
  3340 | D:5      | Noticed an ogre
  3455 | D:4      | Reached skill level 3 in Fighting
  3458 | D:4      | Reached XP level 6. HP: 27/42 MP: 9/9
  3599 | D:4      | Noticed jfbvrk's ghost (amateur SpEn)
  3600 | D:4      | Found a runed translucent door.
  3621 | D:4      | Noticed a necrophage
  3788 | D:5      | Reached XP level 7. HP: 33/46 MP: 4/10
  4070 | D:5      | Found Gipunt's Specific Store.
  4072 | D:5      | Found Fiemukk's General Store.
  4138 | D:5      | Bought a potion of haste for 130 gold pieces
  4175 | D:5      | Reached skill level 4 in Fighting
  4615 | D:5      | Noticed a two-headed ogre
  4996 | D:6      | Found a staircase to the Ecumenical Temple.
  5009 | Temple   | Entered the Ecumenical Temple
  5150 | D:6      | Found Tigogaus's Antique Armour Shop.
  5190 | D:6      | Noticed a wraith
  5506 | D:7      | Noticed a troll
  5513 | D:7      | Killed a troll
  5514 | D:7      | Reached skill level 5 in Conjurations
  5514 | D:7      | Reached XP level 8. HP: 54/54 MP: 10/11
  5777 | D:6      | Identified the +0 kite shield "Luitonojecw" {Dex+2}
  5897 | D:6      | Reached skill level 5 in Fighting
  6224 | D:7      | Reached XP level 9. HP: 52/61 MP: 2/13
  6695 | D:8      | Reached skill level 6 in Fighting
  7371 | D:8      | Found a sacrificial altar of Ru.
  7381 | D:8      | Reached XP level 10. HP: 9/69 MP: 5/17
  7382 | D:8      | Reached skill level 7 in Fighting
  7437 | D:8      | Learned a level 4 spell: Iskenderun's Mystic Blast
  7830 | D:8      | Found a glowing golden altar of the Shining One.
  7916 | D:8      | Reached skill level 5 in Spellcasting
  8688 | D:7      | Found a shimmering blue altar of Sif Muna.
  8690 | D:7      | Found an opulent altar of Gozag.
  8691 | D:7      | Found a radiant altar of Vehumet.
  8698 | D:7      | Became a worshipper of Vehumet
  9284 | D:9      | Noticed a kobold demonologist
  9291 | D:9      | Noticed a sun demon
  9564 | D:9      | Found Ojilaum's Assorted Antiques.
  9630 | D:9      | Bought a scroll of identify for 50 gold pieces
  9630 | D:9      | Bought a scroll of identify for 50 gold pieces
  9725 | D:9      | Reached * piety under Vehumet
  9725 | D:9      | Offered knowledge of Foxfire by Vehumet.
  9988 | D:9      | Learned a level 1 spell: Foxfire
 10128 | D:9      | Noticed a two-headed ogre
 10136 | D:9      | Killed a two-headed ogre
 10137 | D:9      | Reached skill level 8 in Fighting
 10300 | D:9      | Reached XP level 11. HP: 44/77 MP: 4/20
 10455 | D:9      | Found Zytev's Antique Weapon Boutique.
 10458 | D:9      | Found Ocitavuq's Antique Armour Emporium.
 10650 | D:9      | Found Lowykhytt's Assorted Antiques.
 10912 | D:9      | Found a basalt altar of Yredelemnul.
 11130 | D:9      | Found a sparkling altar of Nemelex Xobeh.
 11342 | D:10     | Entered Level 10 of the Dungeon
 11432 | D:10     | Found a broken altar of Ashenzari.
 11900 | D:10     | Offered knowledge of Poisonous Vapours by Vehumet.
 11901 | D:10     | Reached skill level 10 in Ice Magic
 11921 | D:10     | Reached ** piety under Vehumet
 11976 | D:10     | Reached skill level 1 in Fire Magic
 11977 | D:10     | Reached skill level 10 in Conjurations
 12096 | D:10     | Found a staircase to the Lair.
 12422 | Lair:1   | Entered Level 1 of the Lair of Beasts
 12459 | Lair:1   | Noticed Gastronok
 12934 | Lair:1   | Reached skill level 5 in Dodging
 13016 | Lair:1   | Reached XP level 12. HP: 84/84 MP: 22/22
 13872 | Lair:2   | Reached skill level 9 in Fighting
 13959 | Lair:2   | Reached skill level 5 in Fire Magic
 14184 | Lair:2   | Offered knowledge of Inner Flame by Vehumet.
 14191 | Lair:2   | Learned a level 5 spell: Fireball
 14960 | Lair:1   | Killed Gastronok
 15032 | Lair:3   | Noticed a boulder beetle
 15057 | Lair:3   | Killed a boulder beetle
 15269 | Lair:3   | Noticed a catoblepas
 15378 | Lair:3   | Reached skill level 10 in Fighting
 15731 | Lair:3   | Reached XP level 13. HP: 92/92 MP: 24/24
 16257 | Lair:3   | Reached *** piety under Vehumet
 17094 | Lair:4   | Learned a level 6 spell: Starburst
 17215 | Lair:4   | Found a staircase to the Snake Pit.
 17417 | Lair:4   | Found a staircase to the Shoals.
 17810 | Lair:4   | Offered knowledge of Sticky Flame by Vehumet.
 17842 | Lair:4   | Learned a level 4 spell: Sticky Flame
 18582 | Lair:5   | Got the Incunabulum of Cold and Earth
 18924 | Lair:5   | Reached skill level 1 in Shields
 19269 | Lair:6   | Entered Level 6 of the Lair of Beasts
 19427 | Lair:6   | Reached skill level 11 in Fighting
 19430 | Lair:6   | Reached XP level 14. HP: 88/101 MP: 17/26
 19664 | Lair:6   | Reached **** piety under Vehumet
 19870 | Lair:6   | Offered knowledge of Airstrike by Vehumet.
 20227 | Lair:6   | Reached skill level 10 in Dodging
 20384 | Lair:6   | Reached skill level 12 in Fighting
 20858 | Lair:6   | Found a runed translucent door.
 20992 | Lair:6   | Found a viscous altar of Jiyva.
 21069 | Lair:6   | Found a staircase to the Slime Pits.
 21164 | Lair:6   | Reached ***** piety under Vehumet
 21167 | Lair:6   | Offered knowledge of Fulminant Prism by Vehumet.
 21495 | Lair:6   | Identified the ring of Okhygrus {Fire rElec Slay+3 SInv}
 21650 | Lair:6   | Reached skill level 13 in Fighting
 22259 | D:11     | Found a shadowy altar of Dithmenos.
 22290 | D:11     | Reached skill level 5 in Stealth
 22603 | D:11     | Noticed Harold
 22605 | D:11     | Killed Harold
 22606 | D:11     | Reached XP level 15. HP: 110/110 MP: 27/27
 22829 | D:11     | Identified the +3 rapier of Exhibitionism {elec, Will+}
 23349 | D:12     | Found a staircase to the Orcish Mines.
 23967 | D:12     | Noticed Maurice
 23976 | D:12     | Killed Maurice
 24674 | D:13     | Identified the +8 mace "Caxtiuh" {vorpal, rPois Will++
                  | rCorr Int+2}
 24812 | D:13     | Reached skill level 10 in Fire Magic
 24840 | D:13     | Offered knowledge of Lightning Bolt by Vehumet.
 25016 | D:13     | Reached skill level 10 in Stealth
 27149 | D:14     | Reached skill level 10 in Spellcasting
 27149 | D:14     | Reached XP level 16. HP: 117/117 MP: 30/30
 27334 | D:14     | Found a gate to the Vaults.
 27727 | D:15     | Entered Level 15 of the Dungeon
 28157 | D:15     | Identified a scroll of acquirement
 28697 | D:15     | Found a staircase to the Depths.
 29052 | Orc:1    | Entered Level 1 of the Orcish Mines
 29052 | Orc:1    | Noticed Nergalle
 29208 | Snake:1  | Entered Level 1 of the Snake Pit
 29210 | Snake:1  | Offered knowledge of Ozocubu's Refrigeration by Vehumet.
 29403 | Snake:1  | Noticed Kirke
 29406 | Snake:1  | Killed Kirke
 29509 | Snake:1  | Found Ykhele Roch's Jewellery Shop.
 29796 | Snake:1  | Learned a level 8 spell: Ignition
 29888 | Snake:1  | Found Zexup's Assorted Antiques.
 30029 | Snake:1  | Found Noston's Magic Scroll Shoppe.
 30810 | Snake:1  | Identified Roxanne's Grimoire of the Mountains
 30810 | Snake:1  | Noticed Roxanne
 30871 | Snake:1  | Found Ylonu's Weapon Shop.
 31001 | Snake:2  | Reached XP level 17. HP: 123/123 MP: 31/32
 31057 | Snake:2  | Noticed Aizul
 31060 | Snake:2  | Killed Aizul
 31206 | Snake:2  | Reached skill level 15 in Fire Magic
 31372 | Snake:2  | Found Zahefaeb's Jewellery Shoppe.
 32888 | Snake:2  | Found Hofoorr's Jewellery Boutique.
 32888 | Snake:2  | Found Zolyg's Armour Shop.
 33632 | Snake:3  | Reached skill level 14 in Fighting
 33903 | Snake:3  | Noticed Agnes
 33906 | Snake:3  | Killed Agnes
 34300 | Snake:3  | Reached ****** piety under Vehumet
 34313 | Snake:3  | Noticed Vashnia
 34435 | Snake:3  | Killed Vashnia
 34495 | Snake:3  | Offered knowledge of Orb of Destruction by Vehumet.
 34916 | Snake:3  | Learned a level 7 spell: Orb of Destruction
 34932 | Snake:4  | Entered Level 4 of the Snake Pit
 35525 | Snake:4  | Reached XP level 18. HP: 132/132 MP: 14/34
 36049 | Snake:4  | Found Dadwupt's Antique Armour Shop.
 36268 | Snake:4  | Reached skill level 15 in Fighting
 38091 | Snake:4  | Got a serpentine rune of Zot
 38922 | Orc:1    | Killed Nergalle
 39083 | Orc:1    | Noticed Josephine
 39085 | Orc:1    | Killed Josephine
 39086 | Orc:1    | Reached skill level 16 in Fighting
 39470 | Orc:2    | Entered Level 2 of the Orcish Mines
 39471 | Orc:2    | Offered knowledge of Eringya's Noxious Bog by Vehumet.
 40314 | Orc:2    | Offered knowledge of Freezing Cloud by Vehumet.
 40582 | Orc:2    | Found Lekli Naxodd's General Store.
 40625 | Orc:2    | Found Aggoaq Weog's Antique Armour Emporium.
 40625 | Orc:2    | Found Leoqoerr's Antique Weapon Shoppe.
 40627 | Orc:2    | Found Viushrag's Book Emporium.
 41000 | Snake:2  | Bought the amulet of the Four Winds {rN+ Will+++ Clar} for
                  | 702 gold pieces
 41000 | Snake:2  | Found the amulet of the Four Winds {rN+ Will+++ Clar}
 41071 | Shoals:1 | Entered Level 1 of the Shoals
 41138 | Snake:2  | Bought a +4 ring of evasion for 576 gold pieces
 41499 | Shoals:1 | Reached XP level 19. HP: 143/143 MP: 36/36
 41502 | Shoals:1 | Noticed Mlioglotl
 41506 | Shoals:1 | Noticed a bone dragon
 41508 | Shoals:1 | Killed Mlioglotl
 42331 | Shoals:2 | Noticed Polyphemus
 42335 | Shoals:2 | Killed Polyphemus
 42509 | Shoals:2 | Offered knowledge of Lehudib's Crystal Spear by Vehumet.
 42668 | Shoals:2 | Reached skill level 17 in Fighting
 42729 | Shoals:2 | Noticed Ilsuiw
 42734 | Shoals:2 | Killed Ilsuiw
 43805 | Shoals:2 | Found a runed translucent gate.
 43806 | Shoals:2 | Found a runed translucent gate.
 43807 | Shoals:2 | Found a runed translucent gate.
 43808 | Shoals:2 | Found an opulent altar of Gozag.
 43808 | Shoals:2 | Noticed Dienesei's ghost (adept MiBe)
 43809 | Shoals:2 | Found Ytenat's Assorted Antiques.
 43811 | Shoals:2 | Found Fiepn's Assorted Antiques.
 44011 | Shoals:2 | Noticed Donald
 44014 | Shoals:2 | Killed Donald
 45131 | Shoals:4 | Entered Level 4 of the Shoals
 46199 | Shoals:4 | Identified the ring "Beejep" {rN++ Dex+6 SInv}
 46290 | Shoals:4 | Identified the +6 scimitar "Qocoal" {drain, rF- rCorr
                  | Dex+4}
 46417 | Shoals:4 | Got a barnacled rune of Zot
 46441 | Shoals:4 | Reached XP level 20. HP: 153/153 MP: 36/37
 46443 | Shoals:4 | Offered knowledge of Fire Storm by Vehumet.
 46443 | Shoals:4 | Offered knowledge of Chain Lightning by Vehumet.
 46443 | Shoals:4 | Offered knowledge of Maxwell's Capacitive Coupling by
                  | Vehumet.
 46937 | Slime:1  | Entered Level 1 of the Pits of Slime
 46949 | Slime:1  | Gained mutation: You sometimes lose the ability to read
                  | scrolls when taking damage. [a shining eye]
 47338 | Shoals:3 | Lost mutation: You sometimes lose the ability to read
                  | scrolls when taking damage. [potion of mutation]
 47338 | Shoals:3 | Gained mutation: Your body sometimes deteriorates upon
                  | taking damage. [potion of mutation]
 47338 | Shoals:3 | Gained mutation: One of your tentacles bears a spike.
                  | [potion of mutation]
 47339 | Shoals:3 | Lost mutation: One of your tentacles bears a spike. [potion
                  | of mutation]
 47339 | Shoals:3 | Lost mutation: Your body sometimes deteriorates upon taking
                  | damage. [potion of mutation]
 47339 | Shoals:3 | Gained mutation: Your muscles are strong. (Str +2) [potion
                  | of mutation]
 47339 | Shoals:3 | Gained mutation: One of your tentacles bears a spike.
                  | [potion of mutation]
 47340 | Shoals:3 | Acquired a +2 buckler of reflection
 47352 | Shoals:3 | Acquired 855 gold pieces
 47646 | Vaults:1 | Entered Level 1 of the Vaults
 47648 | Vaults:1 | Reached skill level 18 in Fighting
 48830 | Vaults:1 | Reached skill level 15 in Conjurations
 49527 | Vaults:2 | Found Teefrao's Armour Emporium.
 50299 | Vaults:2 | Noticed Mara
 50315 | Vaults:2 | Killed Mara
 50849 | Vaults:2 | Found a portal to a secret trove of treasure.
 51412 | Vaults:3 | Found a staircase to the Crypt.
 51414 | Vaults:3 | Reached XP level 21. HP: 159/159 MP: 31/38
 52589 | Snake:1  | Bought a scroll of blinking for 112 gold pieces
 52589 | Snake:1  | Bought a scroll of blinking for 112 gold pieces
 52626 | Snake:1  | Bought a runed hat for 196 gold pieces
 52626 | Snake:1  | Bought a potion of magic for 224 gold pieces
 52626 | Snake:1  | Bought a potion of heal wounds for 140 gold pieces
 52939 | Vaults:3 | Found Anim's Jewellery Emporium.
 52942 | Vaults:3 | Bought a +4 ring of protection for 468 gold pieces
 52942 | Vaults:3 | Bought the ring of the Mage {Wiz Will++ Int+3} for 672 gold
                  | pieces
 52942 | Vaults:3 | Found the ring of the Mage {Wiz Will++ Int+3}
 52942 | Vaults:3 | Bought the ring of Juirgh {rF+ MP+9 Dex+3} for 523 gold
                  | pieces
 53024 | Vaults:3 | Identified the +9 falchion "Ojomosch" {drain, Drain +Blink
                  | Dex+8 Stlth+}
 53522 | Vaults:3 | Learned a level 9 spell: Fire Storm
 56431 | Vaults:5 | Entered Level 5 of the Vaults
 56433 | Vaults:5 | Reached XP level 22. HP: 165/165 MP: 39/39
 56433 | Vaults:5 | Noticed a golden dragon
 56438 | Vaults:5 | Killed a golden dragon
 56451 | Vaults:5 | Noticed a golden dragon
 56453 | Vaults:5 | Killed a golden dragon
 56463 | Vaults:5 | Noticed a golden dragon
 56464 | Vaults:5 | Identified the +6 morningstar "Newtbane" {antimagic, rN+}
 56466 | Vaults:5 | Killed a golden dragon
 56470 | Vaults:5 | Noticed a dread lich
 56783 | Vaults:5 | Noticed a golden dragon
 57474 | Vaults:5 | Noticed an ancient lich
 57477 | Vaults:5 | Killed an ancient lich
 57562 | Vaults:5 | Got the Compendium of the Boiling Point
 57565 | Vaults:5 | Identified the +0 ring mail "Odauguxe" {rElec Str+2 Slay-2
                  | Stlth+}
 57673 | Vaults:5 | Identified the +5 robe of Prudence {Str+7}
 57673 | Vaults:5 | Identified the ring "Epsuip" {rElec rPois rF+ Int+3}
 58307 | Vaults:5 | Reached XP level 23. HP: 128/171 MP: 16/40
 58555 | Vaults:5 | Killed a golden dragon
 58564 | Vaults:5 | Killed a dread lich
 58773 | Vaults:5 | Found Murug's Jewellery Emporium.
 58785 | Vaults:5 | Bought the ring of Lualuk {Wiz rPois rC+ Dex-2} for 616
                  | gold pieces
 58908 | Vaults:5 | Got a silver rune of Zot
 59009 | Vaults:5 | Got Wonohok's Almanac of Enchanting Feathers
 59087 | Vaults:5 | Got the Volume of Contamination and Flight
 59490 | Vaults:5 | Identified the +1 ring mail of Makhleb's Envy {Str-3 Int+4
                  | Dex+4}
 59588 | Vaults:5 | Noticed a golden dragon
 59590 | Vaults:5 | Killed a golden dragon
 59990 | Depths:1 | Entered Level 1 of the Depths
 60451 | Depths:1 | Found a one-way gate to the infinite horrors of the Abyss.
 60611 | Depths:1 | Found a gateway to Hell.
 60711 | Depths:1 | Noticed a caustic shrike
 60916 | Depths:1 | Killed a caustic shrike
 60917 | Depths:1 | Reached skill level 19 in Fighting
 61026 | Depths:1 | Learned a level 8 spell: Lehudib's Crystal Spear
 61131 | Depths:2 | Reached skill level 1 in Earth Magic
 61204 | Depths:2 | Noticed a caustic shrike
 61209 | Depths:2 | Killed a caustic shrike
 61509 | Depths:2 | Noticed a caustic shrike
 61511 | Depths:2 | Killed a caustic shrike
 61513 | Depths:2 | Noticed a caustic shrike
 61517 | Depths:2 | Killed a caustic shrike
 61725 | Depths:2 | Reached skill level 5 in Earth Magic
 61747 | Depths:2 | Noticed a golden dragon
 61749 | Depths:2 | Killed a golden dragon
 62502 | Depths:2 | Noticed a golden dragon
 62510 | Depths:2 | Killed a golden dragon
 62592 | Depths:2 | Found a basalt altar of Yredelemnul.
 63210 | Depths:2 | Found a one-way gate leading to the halls of Pandemonium.
 63526 | Depths:3 | Noticed a caustic shrike
 63544 | Depths:3 | Killed a caustic shrike
 63595 | Depths:3 | Noticed a juggernaut
 63598 | Depths:3 | Killed a juggernaut
 63621 | Depths:3 | Noticed Mennas
 63623 | Depths:3 | Killed Mennas
 63758 | Depths:3 | Got the Disquisition on Execration and Darkness
 64315 | Depths:3 | Reached skill level 10 in Earth Magic
 64646 | Depths:3 | Noticed Sojobo
 64648 | Depths:3 | Reached XP level 24. HP: 180/180 MP: 40/40
 64648 | Depths:3 | Killed Sojobo
 64763 | Depths:3 | Found a hide-covered altar of Uskayaw.
 64849 | Depths:3 | Learned a level 6 spell: Statue Form
 65334 | Depths:4 | Entered Level 4 of the Depths
 65334 | Depths:4 | Noticed a caustic shrike
 65334 | Depths:4 | Noticed a caustic shrike
 65335 | Depths:4 | Noticed a caustic shrike
 65336 | Depths:4 | Killed a caustic shrike
 65337 | Depths:4 | Killed a caustic shrike
 65516 | Depths:4 | Killed a caustic shrike
 65909 | Depths:4 | Found a gateway to a ziggurat.
 67232 | Depths:4 | Found a gate to the Realm of Zot.
 67398 | Pan      | Entered Pandemonium
 67398 | Pan      | Found an exit through the horrors of the Abyss.
 68410 | Pan      | Noticed Zulotoum the pandemonium lord
 68421 | Pan      | Killed Zulotoum the pandemonium lord
 68631 | Depths:4 | Escaped Pandemonium
 68793 | Pan      | Entered Pandemonium
 69037 | Pan      | Noticed Axkokk the pandemonium lord
 69044 | Pan      | Killed Axkokk the pandemonium lord
 69402 | Pan      | Reached skill level 15 in Earth Magic
 69529 | Pan      | Reached skill level 1 in Unarmed Combat
 69585 | Pan      | Found an exit through the horrors of the Abyss.
 69819 | Pan      | Noticed Syapsit the pandemonium lord
 69835 | Pan      | Killed Syapsit the pandemonium lord
 69836 | Pan      | Reached XP level 25. HP: 101/186 MP: 4/40
 70506 | Pan      | Found a transporter.
 70632 | Pan      | Found a transporter.
 70704 | Pan      | Reached skill level 5 in Unarmed Combat
 71288 | Pan      | Identified the ring "Hauta" {rF++ rC+ Str+2 Dex-4}
 71294 | Pan      | Acquired the +9 double sword of Jooloen {protect, rF+ rC+
                  | Str+2}
 71296 | Pan      | Acquired a staff of earth
 71305 | Pan      | Identified the ring "Mulufe Odoi" {Str+2 Slay+4}
 71356 | Pan      | Reached skill level 15 in Stealth
 71367 | Pan      | Gained mutation: Your body sometimes deteriorates upon
                  | taking damage. [a cacodemon]
 71372 | Pan      | Reached skill level 1 in Staves
 71805 | Pan      | Found an exit through the horrors of the Abyss.
 71859 | Pan      | Noticed Jiossyte the pandemonium lord
 71865 | Pan      | Killed Jiossyte the pandemonium lord
 72328 | Pan      | Gained mutation: You are clumsy. (Dex -2) [a cacodemon]
 72389 | Pan      | Reached skill level 5 in Staves
 72450 | Pan      | Noticed Zuquov the pandemonium lord
 72455 | Pan      | Killed Zuquov the pandemonium lord
 72460 | Pan      | Entered the realm of Gloorx Vloq.
 74160 | Pan      | Reached skill level 20 in Fighting
 74220 | Pan      | Reached XP level 26. HP: 196/196 MP: 40/40
 75081 | Pan      | Noticed Difiosun the pandemonium lord
 75201 | Pan      | Gained mutation: You have hidden genetic defects. [a
                  | neqoxec]
 75207 | Pan      | Killed Difiosun the pandemonium lord
 75733 | Pan      | Learned a level 9 spell: Shatter
 76296 | Pan      | Got a demonic rune of Zot
 76403 | Pan      | Got the Incunabulum of the Griffon
 76539 | Pan      | Entered the realm of Mnoleg.
 76636 | Pan      | Gained mutation: You are dopey. (Int -2) [a cacodemon]
 76676 | Pan      | Found an exit through the horrors of the Abyss.
 76700 | Pan      | Gained mutation: Your magical capacity is low. (-10% MP)
                  | [hidden defects]
 77147 | Pan      | Gained mutation: Your body often deteriorates upon taking
                  | damage. [a neqoxec]
 77444 | Pan      | Lost mutation: You are clumsy. (Dex -2) [a cacodemon]
 77448 | Pan      | Gained mutation: Your spells are a little easier to cast,
                  | but a little less powerful. [a cacodemon]
 77451 | Pan      | Gained mutation: Your magical capacity is very low. (-20%
                  | MP) [a cacodemon]
 77452 | Pan      | Gained mutation: You sometimes lose the ability to read
                  | scrolls when taking damage. [a cacodemon]
 77456 | Pan      | Gained mutation: You are clumsy. (Dex -2) [a neqoxec]
 77459 | Pan      | Lost mutation: Your spells are a little easier to cast, but
                  | a little less powerful. [a neqoxec]
 77460 | Pan      | Gained mutation: You occasionally shout uncontrollably at
                  | your foes. [a neqoxec]
 77462 | Pan      | Reached skill level 21 in Fighting
 77465 | Pan      | Gained mutation: You tend to lose your temper in combat. [a
                  | neqoxec]
 77470 | Pan      | Gained mutation: You are very clumsy. (Dex -4) [a neqoxec]
 77470 | Pan      | Gained mutation: You have terrible hidden genetic defects.
                  | [a neqoxec]
 77482 | Pan      | Gained mutation: You are very dopey. (Int -4) [a neqoxec]
 77483 | Pan      | Gained mutation: Potions are less effective at restoring
                  | your health. [a neqoxec]
 77485 | Pan      | Gained mutation: Your magical capacity is extremely low.
                  | (-30% MP) [a cacodemon]
 77486 | Pan      | Gained mutation: You are occasionally teleported next to
                  | monsters. [a neqoxec]
 77844 | Pan      | Gained mutation: Potions cannot restore your health.
                  | [hidden defects]
 77844 | Pan      | Lost mutation: You have terrible hidden genetic defects.
                  | [hidden defects expressed]
 77847 | Pan      | Lost mutation: Your muscles are strong. (Str +2) [a
                  | neqoxec]
 77853 | Pan      | Gained mutation: You are sometimes teleported next to
                  | monsters. [a cacodemon]
 78189 | Pan      | Took an exit into the Abyss.
 78189 | Abyss:1  | Escaped into the Abyss
 78294 | Depths:4 | Escaped the Abyss
 78385 | Depths:3 | Lost mutation: You tend to lose your temper in combat.
                  | [potion of mutation]
 78385 | Depths:3 | Lost mutation: You sometimes lose the ability to read
                  | scrolls when taking damage. [potion of mutation]
 78385 | Depths:3 | Lost mutation: One of your tentacles bears a spike. [potion
                  | of mutation]
 78439 | Depths:2 | Lost mutation: You are very clumsy. (Dex -4) [potion of
                  | mutation]
 78439 | Depths:2 | Lost mutation: Your body often deteriorates upon taking
                  | damage. [potion of mutation]
 78439 | Depths:2 | Lost mutation: Your body sometimes deteriorates upon taking
                  | damage. [potion of mutation]
 78439 | Depths:2 | Lost mutation: You occasionally shout uncontrollably at
                  | your foes. [potion of mutation]
 78439 | Depths:2 | Lost mutation: You are very dopey. (Int -4) [potion of
                  | mutation]
 78653 | Orc:2    | Bought a potion of mutation for 136 gold pieces
 78653 | Orc:2    | Lost mutation: Your magical capacity is extremely low.
                  | (-30% MP) [potion of mutation]
 78653 | Orc:2    | Lost mutation: You are dopey. (Int -2) [potion of mutation]
 78653 | Orc:2    | Gained mutation: One of your tentacles bears a spike.
                  | [potion of mutation]
 78653 | Orc:2    | Gained mutation: Your spells are a little harder to cast,
                  | but a little more powerful. [potion of mutation]
 78920 | Zot:1    | Entered Level 1 of the Realm of Zot
 78954 | Zot:1    | Gained mutation: You occasionally shout uncontrollably at
                  | your foes. [mutagenic glow]
 78980 | Zot:1    | Noticed a Killer Klown
 79415 | Zot:1    | Noticed a Killer Klown
 79417 | Zot:1    | Noticed a juggernaut
 79417 | Zot:1    | a Killer Klown changed into a juggernaut
 79657 | Zot:1    | Noticed a Killer Klown
 79664 | Depths:4 | Killed a juggernaut
 79665 | Depths:4 | Killed a Killer Klown
 79833 | Zot:1    | Noticed a Killer Klown
 80223 | Zot:1    | Gained mutation: You are dopey. (Int -2) [hidden defects]
 80267 | Zot:1    | Killed a Killer Klown
 80446 | Zot:1    | Killed a Killer Klown
 80665 | Zot:1    | Reached XP level 27. HP: 169/207 MP: 32/32
 80972 | Zot:2    | Noticed an orb of fire
 80974 | Zot:2    | Killed an orb of fire
 81165 | Zot:2    | Gained mutation: You have terrible hidden genetic defects.
                  | [hidden defects]
 81165 | Zot:2    | Lost mutation: You have terrible hidden genetic defects.
                  | [hidden defects expressed]
 81775 | Zot:5    | Entered Level 5 of the Realm of Zot
 81881 | Zot:5    | Reached skill level 22 in Fighting
 81962 | Zot:5    | Noticed an ancient lich
 81965 | Zot:5    | Killed an ancient lich
 82031 | Zot:5    | Noticed a dread lich
 82031 | Zot:5    | Noticed a dread lich
 82031 | Zot:5    | Noticed an orb of fire
 82031 | Zot:5    | Noticed an ancient lich
 82031 | Zot:5    | Noticed an ancient lich
 82033 | Zot:5    | Killed a dread lich
 82033 | Zot:5    | Killed an ancient lich
 82033 | Zot:5    | Killed a dread lich
 82034 | Zot:5    | Killed an ancient lich
 82035 | Zot:5    | Noticed a dread lich
 82036 | Zot:5    | Killed an orb of fire
 82037 | Zot:5    | Killed a dread lich
 82038 | Zot:5    | Gained mutation: You are frail. (-10% HP) [hidden defects]
 82059 | Zot:5    | Noticed an orb of fire
 82063 | Zot:5    | Noticed a dread lich
 82233 | Zot:5    | Killed a dread lich
 82283 | Zot:5    | Noticed an ancient lich
 82338 | Zot:5    | Killed an ancient lich
 82378 | Zot:5    | Gained mutation: You sometimes lose the ability to read
                  | scrolls when taking damage. [hidden defects]
 82378 | Zot:5    | Lost mutation: You have hidden genetic defects. [hidden
                  | defects expressed]
 82381 | Zot:5    | Noticed an ancient lich
 82385 | Zot:5    | Noticed a dread lich
 82385 | Zot:5    | HP: 9/244 [orb of fire/bolt of fire (5)]
 82822 | Zot:5    | Killed an ancient lich
 82822 | Zot:5    | Gained mutation: You are very clumsy. (Dex -4) [an orb of
                  | fire]
 82842 | Zot:5    | Got the Orb of Zot
 82881 | Zot:5    | Killed a dread lich
 82902 | Zot:4    | HP: 3/244 [quicksilver dragon (14)]
 82902 | Zot:4    | Mangled by a tentacled monstrosity

Illustrated notes

Levels and vault maps discovered:
D:1:      minmay_arrival_checkered_box, layout_basic, basic_ecumenical_altar
D:2:      layout_basic
D:3:      layout_loops_ring, mainiacjoe_overflow_concentric_impassable,
          minmay_misc_feat_secret_circle, minmay_cupped,
          uniq_crazy_yiuf_cottage, uniq_sigmund
D:4:      layout_rooms, hellmonk_ghost_happy_afterlife
D:5:      layout_basic, nicolae_specific_store
D:6:      layout_basic, minmay_temple_entry_junction, serial_shops, shop,
          chequers_serial_rivers_micro_c, kennysheep_doodads
D:7:      layout_basic, gammafunk_temple_overflow_forgotten,
          grunt_ministairs_14, kennysheep_cross_bottleneck, minmay_circle_x
D:8:      layout_cave_pods, nicolae_ru_awakened_eye,
          nicolae_tso_carved_into_rock
D:9:      layout_basic, kennysheep_mini, amcnicky_altar_gilded, serial_shops,
          shop, shop_fountains, shop, shop_fountains, special_room
          [special_room_kobold], minmay_between
D:10:     layout_basic, ashenzari_conservatory_becter,
          due_lair_maze_entry_diamond, enter_bailey_7,
          hangedman_abyss_or_decor_passed
D:11:     layout_gridville, nicolae_dithmenos_shadow_blocks, uniq_harold
D:12:     layout_loops_ring, kennysheep_orc_monster_closet_entryway,
          grunt_ministairs_5, minivault_7, uniq_maurice
D:13:     minmay_the_grid_3x3 [minmay_the_grid_all_tris,
          minmay_the_grid_zigzag_pyramid, minmay_the_grid_outer_circle,
          minmay_the_grid_spikes, minmay_the_grid_tri_star,
          minmay_the_grid_broken_lines, minmay_the_grid_square_x,
          minmay_the_grid_small_cups, minmay_the_grid_prize_trominoes],
          layout_stronghold
D:14:     layout_roguey [special_room_mythical_zoo], grunt_vaults_entry_tiered,
          minmay_fountain_box
D:15:     gammafunk_enter_depths_forms, layout_loops_ring, minivault_11
Temple:   dshaligram_water_room_temple
Lair:1:   beast_lair_carwin_large_3, layout_cave_shapes,
          chequers_serial_rivers_room_a, st_stairs_7, uniq_gastronok
Lair:2:   layout_long_grid
Lair:3:   layout_regular_city, portal_ice_cave_demonic_guard
Lair:4:   dpeg_oklob_gauntlet, layout_loops_ring, elwin_shoals_entry_rocks,
          minmay_snake_entry_spellcaster, grunt_megastairs_2,
          serial_bayou_shore_a, infiniplex_staircase_pool_2
Lair:5:   layout_roguey
Lair:6:   minmay_lair_end_enchanted_forest, layout_gridlike, slime_altar_2,
          gauntlet_entry_generic, hellmonk_guarded_unrand_zhor
Shoals:1: layout_shoals, uniq_mlioglotl
Shoals:2: layout_shoals, ebering_ghost_gozag, nicolae_shoals_pincushion_passage,
          uniq_ilsuiw, uniq_donald, uniq_polyphemus
Shoals:3: layout_shoals
Shoals:4: shoals_end_grunt_ice, layout_shoals, nicolae_shoals_mertower
Snake:1:  layout_grid_maze, serial_shops, shop, nicolae_diamond_shop,
          nicolae_square_shop, shop, nicolae_snake_gridmaze_zigzag, st_stairs_7,
          nicolae_snake_bzzzt, uniq_roxanne, uniq_kirke
Snake:2:  layout_layer_cave, serial_shops, shop, minmay_shoptagon, uniq_aizul
Snake:3:  layout_basic, uniq_agnes, uniq_vashnia
Snake:4:  snake_pit, layout_grid_maze, serial_shops, nicolae_shop_trees,
          special_room
Slime:1:  layout_caves
Orc:1:    layout_diamond_mine, uniq_josephine, uniq_nergalle
Orc:2:    st_orc_congregation, layout_caves, kennysheep_orc_chapel,
          uniq_saint_roka
Vaults:1: ontoclasm_vaults_misaligned, vaults_mumra_hexcomb, v_misc_1, v_misc_3,
          vaults_room_grid, ontoclasm_vaults_chip, nicolae_vaults_specimen_jars,
          layout_vaults_omnigrid
Vaults:2: v_misc_24, v_alt_pattern_1, ontoclasm_vaults_ring_square,
          nicolae_vaults_ring_of_whatevers, vaults_dpeg_hooks, v_misc_32,
          vaults_room_hangedman_quadrants, serial_ice_h,
          ontoclasm_vaults_loading_screen, ontoclasm_vaults_fault,
          layout_vaults_big_room, nicolae_trove_entry_columns, serial_shops,
          nicolae_diamond_shop, uniq_mara
Vaults:3: nicolae_vaults_circle_grid_b, nicolae_vaults_mini_display_case,
          minmay_crypt_entry_simple_corners, nicolae_vaults_ninety_degrees,
          ontoclasm_vaults_chip, v_misc_19, hangedman_vaults_pinch,
          vaults_dpeg_ring, hangedman_vaults_stretched_pinwheel, st_star,
          vaults_dpeg_encased_lava, nicolae_vaults_little_ls,
          vaults_room_fancy_cross, nicolae_vaults_diagonal_hallway_6,
          vaults_room_stairs_pillars, ontoclasm_vaults_decontamination,
          layout_vaults_omnicross, serial_shops, shop
Vaults:4: vaults_standard_mumra_enter_the_diamond,
          nicolae_vaults_network_quinsquares
          [nicolae_vaults_network_quincunx_subvault,
          nicolae_vaults_network_quincunx_subvault,
          nicolae_vaults_network_quincunx_subvault,
          nicolae_vaults_network_quincunx_subvault],
          nicolae_vaults_ring_of_whatevers, nicolae_vaults_stairing_the_circle,
          nicolae_vaults_three_branches, nicolae_vaults_circle_grid_a,
          nicolae_vaults_network_star, nicolae_vaults_network_s,
          nicolae_vaults_statue_guard, vaults_room_large_hall,
          layout_vaults_omnibox
Vaults:5
Depths:1: layout_big_octagon, pf_vacation_house_of_asmodeus,
          abyss_entry_glasseish, chequers_decorated_corner, minivault_12
Depths:2: minmay_four_inscribed_fans, layout_honeycomb, hell_entry,
          nrook_mini_vaults, rand_demon_pan_entry_8, yredelemnul_altar_generic
Depths:3: minmay_tri_box, layout_gridlike, abyss_entry_crystal,
          grunt_pan_entry_spiral, grunt_mini_vestibule,
          nicolae_uskayaw_murder_on_the_dancefloor, uniq_mennas, uniq_sojobo
Depths:4: grunt_zot_entry_gee_three, layout_gridlike, enter_ziggurat_c,
          rand_demon_pan_entry_7, hell_entry, chequers_serial_rivers_micro_c
Zot:1:    circus_mu, layout_basic
Zot:2:    layout_basic
Zot:3:    layout_gridlike, gammafunk_ghost_grave
Zot:4:    layout_misc_corridors
Zot:5:    layout_twisted_circle

Skill      XL: |  1  2  3  4  5  6  7  8  9 10 11 12 13 14 15 16 17 18 19 20 21 22 23 24 25 26 27 |
---------------+----------------------------------------------------------------------------------+-----
Fighting       | 1 2 3 4 5 6 8 10 11 13 14 16 17 18 19 20 21 22 | 22.8
Conjurations   | 1 2 3 5 6 8 9 10 11 12 13 16 19 21 | 21.4
Ice Magic      | 5 6 7 8 9 10 | 10.0
Spellcasting   | 4 6 7 8 10 11 12 13 | 13.5
Dodging        | 5 7 9 11 12 | 12.6
Fire Magic     | 3 6 8 11 14 16 17 19 20 21 | 21.3
Shields        | 2 4 |  4.0
Stealth        | 6 10 13 16 | 16.5
Earth Magic    | 10 15 18 20 | 20.7
Unarmed Combat | 3 5 |  5.7
Staves         | 8 |  8.5

Action                   |  1- 3 |  4- 6 |  7- 9 | 10-12 | 13-15 | 16-18 | 19-21 | 22-24 | 25-27 || total
-------------------------+-------+-------+-------+-------+-------+-------+-------+-------+-------++-------
Melee: Short sword       |     8 |     3 |     9 |    14 |       |       |       |       |       ||    34
       Tentacles         |     2 |     2 |     7 |     7 |     8 |     2 |     1 |    15 |   107 ||   151
       Constrict         |     2 |     2 |     5 |     6 |     9 |     3 |       |     9 |    47 ||    83
       Flail             |       |    13 |    23 |       |       |       |       |       |       ||    36
       Staff             |       |       |       |    10 |    28 |     5 |     3 |    59 |   361 ||   466
       Kick              |       |       |       |       |       |       |     1 |    24 |   137 ||   162
       Punch             |       |       |       |       |       |       |       |     2 |    20 ||    22
 Cast: Freeze            |    52 |    39 |   109 |   136 |    73 |    22 |     4 |     2 |       ||   437
       Frozen Ramparts   |     1 |     8 |    31 |    50 |    28 |    14 |       |     1 |       ||   133
       Hailstorm         |       |     1 |    11 |    60 |    22 |    30 |       |       |       ||   124
       Iskenderun's Myst |       |       |       |    52 |     3 |       |       |       |       ||    55
       Foxfire           |       |       |       |    90 |    53 |       |       |       |       ||   143
       Fireball          |       |       |       |    22 |   213 |   331 |   418 |    82 |    59 ||  1125
       Starburst         |       |       |       |       |    49 |    51 |    73 |    68 |    18 ||   259
       Sticky Flame      |       |       |       |       |    55 |    15 |     6 |     1 |       ||    77
       Ignition          |       |       |       |       |       |    15 |    14 |     2 |       ||    31
       Orb of Destructio |       |       |       |       |       |    89 |    23 |    14 |       ||   126
       Fire Storm        |       |       |       |       |       |       |    16 |   171 |    97 ||   284
       Lehudib's Crystal |       |       |       |       |       |       |       |   109 |   259 ||   368
       Statue Form       |       |       |       |       |       |       |       |    32 |    84 ||   116
       Shatter           |       |       |       |       |       |       |       |       |    22 ||    22
 Abil: End Transformatio |       |       |       |       |       |       |       |     1 |     1 ||     2
Evoke: Wand              |       |       |       |     1 |       |     4 |       |     5 |     6 ||    16
  Use: Scroll            |       |     1 |     4 |     4 |     6 |    15 |     9 |    10 |    20 ||    69
       Potion            |       |     1 |     4 |     2 |       |       |     7 |     3 |     4 ||    21
 Stab: Sleeping          |     4 |     5 |     4 |     1 |       |       |       |       |       ||    14
       Distracted        |       |     1 |       |       |       |       |       |     1 |       ||     2
Armor: Skin              |     6 |     2 |    17 |    10 |     5 |     3 |     1 |   154 |   391 ||   589
Dodge: Dodged            |    21 |    29 |   126 |   143 |   176 |    91 |    78 |   274 |   690 ||  1628
Block: Buckler           |       |       |       |       |    50 |    39 |    19 |   128 |   288 ||   524
       Reflection        |       |       |       |       |       |       |     5 |     5 |     8 ||    18

Table legend: (Time is in decaauts)
 A = Elapsed time spent in this place.
 B = Non-inter-level travel time spent in this place.
 C = Inter-level travel time spent in this place.
 D = Time resting spent in this place.
 E = Time spent auto-exploring this place.
 F = Levels seen in this place.
 G = Mean time per level.
                   A        B        C        D        E       F      G
               +--------+--------+--------+--------+--------+-----+--------+
         Total |  85895 |  80511 |   5384 |  17391 |  49805 |  63 | 1363.4 |
       Dungeon |  20291 |  18352 |   1939 |   1375 |  14097 |  15 | 1352.7 |
        Temple |     94 |     70 |     24 |      0 |     60 |   1 |   94.0 |
          Lair |  10634 |   9669 |    965 |    884 |   7439 |   6 | 1772.3 |
        Shoals |   5769 |   5401 |    368 |    930 |   3852 |   4 | 1442.2 |
     Snake Pit |   9882 |   9447 |    435 |   1889 |   6317 |   4 | 2470.5 |
    Slime Pits |     14 |     14 |      0 |      0 |      0 |   1 |   14.0 |
  Orcish Mines |   1993 |   1843 |    150 |    476 |   1029 |   2 |  996.5 |
        Vaults |  11724 |  11185 |    539 |   2599 |   7334 |   5 | 2344.8 |
        Depths |   9375 |   8634 |    741 |   2507 |   5083 |   4 | 2343.8 |
           Zot |   2971 |   2751 |    220 |   1723 |    439 |   5 |  594.2 |
         Abyss |    133 |    133 |      0 |      0 |     40 |   2 |   66.5 |
   Pandemonium |  13010 |  13010 |      0 |   5007 |   4113 |  14 |  929.3 |
               +--------+--------+--------+--------+--------+-----+--------+

Top non-repeatable levels by time:
Depths:4: 3503 daAuts
 Snake:4: 3269 daAuts
Vaults:4: 2953 daAuts
  Lair:6: 2746 daAuts
 Snake:2: 2622 daAuts
Vaults:5: 2582 daAuts
Vaults:3: 2364 daAuts
    D:13: 2294 daAuts
Depths:3: 2282 daAuts
 Snake:1: 2246 daAuts
  Lair:3: 2078 daAuts
Depths:2: 2062 daAuts
Vaults:2: 1958 daAuts
     D:9: 1916 daAuts
Vaults:1: 1866 daAuts
